Map: Neon Violet Square LE

Players

pHAcido

  • Race: Terran Terran
  • Spawn Location: 5:00

Infamous - Winner!

  • Race: Protoss Protoss
  • League: Silver
  • Spawn Location: 11:00

VOD

Have the link to the VOD?

Description

Time

  • Played on: March 26, 2018, 2:25 p.m.
  • Length: 7:28
Show
View Real Time Build Order
Export as new Build Order

pHAcido Terran 

Build Orders:  

Get SALT Encoding   

  12  0:02  SCV  
  13  0:14  SCV  
  13  0:20  Supply Depot  
  14  0:30  Supply Depot  
  14  0:31  SCV  
  15  0:43  SCV  
  16  0:53  Barracks  
  16  0:55  SCV  
  17  1:02  Refinery  
  17  1:06  Refinery  
  17  1:08  SCV  
  18  1:20  SCV  
  19  1:32  SCV  
  20  1:39  Marine  
  21  1:44  SCV  
  22  1:56  SCV  
  23  2:08  SCV  
  24  2:10  Engineering Bay  
  24  2:15  Marine  
  25  2:27  Command Center  
  25  2:46  Command Center  
  25  2:49  Marine  
  26  2:54  SCV  
  27  3:07  Marine  
  27  3:10  Orbital Command  
  28  3:23  Missile Turret  
  28  3:24  Marine  
  29  3:37  SCV  
  30  3:42  Marine  
  31  3:54  Barracks  
  31  4:00  Marine  
  32  4:03  SCV, Refinery  
  33  4:15  SCV  
  34  4:27  SCV  
  35  4:35  Supply Depot  
  35  4:39  SCV  
  35  4:40  Barracks Tech Lab  
  35  4:42  Barracks  
  35  4:45  SCV  
  37  4:51  SCV x2  
  39  4:57  Barracks Reactor  
  39  5:03  Supply Depot, SCV x2  
  41  5:13  Stimpack  
  41  5:15  SCV x2  
  41  5:19  Marine  
  44  5:27  SCV x2  
  44  5:28  Supply Depot  
  46  5:31  Barracks  
  46  5:32  Missile Turret  
  46  5:36  Marine  
  46  5:37  Barracks Reactor  
  46  5:39  SCV x2  
  49  5:44  Marine x2  
  51  5:51  Supply Depot, SCV  
  51  5:54  Marine  
  51  5:55  SCV  
  54  6:02  Marine x2  
  54  6:04  SCV  
  57  6:07  SCV  
  58  6:16  SCV  
  58  6:17  Barracks  
  59  6:19  SCV  
  59  6:20  Marine x2  
  59  6:21  Engineering Bay  
  62  6:26  Barracks Tech Lab  
  62  6:28  SCV, Marauder  
  62  6:29  Marine  
  62  6:30  Marine  
  62  6:31  SCV  
  68  6:38  Marine  
  69  6:40  Missile Turret, SCV  
  69  6:44  SCV  
  65  6:50  Marauder  
  65  6:52  SCV  
  58  6:56  SCV  
  58  7:04  SCV  
  58  7:08  SCV  
  58  7:16  SCV  
Show
View Real Time Build Order
Export as new Build Order

Infamous Protoss - Winner!

Build Orders:  

Get SALT Encoding   

  12  0:01  Probe  
  13  0:13  Probe  
  14  0:18  Pylon  
  14  0:25  Probe  
  15  0:37  Gateway  
  15  0:39  Probe (Chrono Boost)  
  16  0:49  Probe (Chrono Boost)  
  17  0:54  Probe (Chrono Boost)  
  18  1:00  Assimilator  
  18  1:07  Probe (Chrono Boost)  
  19  1:24  Probe (Chrono Boost), Cybernetics Core  
  20  1:33  Probe  
  20  1:38  Assimilator  
  20  1:39  Zealot  
  23  1:48  Pylon  
  23  1:50  Probe  
  23  2:01  Warp Gate  
  23  2:08  Stalker (Chrono Boost)  
  25  2:23  Probe  
  25  2:24  Pylon  
  26  2:31  Nexus  
  26  2:36  Probe  
  27  2:44  Sentry  
  29  2:48  Probe  
  30  2:59  Gateway  
  30  3:04  Probe  
  31  3:17  Robotics Facility  
  31  3:26  Gateway  
  31  3:30  Probe (Chrono Boost)  
  32  3:39  Gateway  
  32  3:40  Probe (Chrono Boost)  
  33  3:47  Probe (Chrono Boost)  
  35  3:51  Probe (Chrono Boost)  
  35  4:00  Probe (Chrono Boost)  
  35  4:02  Twilight Council  
  36  4:04  Observer (Chrono Boost)  
  36  4:08  Probe  
  38  4:14  Assimilator  
  38  4:17  Adept x2  
  42  4:27  Immortal  
  46  4:38  Probe, Pylon  
  47  4:58  Gateway  
  47  5:00  Gateway  
  47  5:12  Forge  
  47  5:24  Probe  
  47  5:26  Stalker x2  
  47  5:27  Stalker x2  
  55  5:37  Immortal (Chrono Boost)  
  55  5:39  Probe  
  59  5:43  Probe  
  59  5:49  Pylon  
  61  5:53  Pylon  
  61  5:56  Pylon  
  61  6:00  Assimilator  
  61  6:24  Pylon  
  61  6:25  Stalker x2  
  61  6:26  Stalker x3  
  71  6:46  Stalker  
Tags
 
Add a new tag
Caveats
  • Supply blocks, unpowered buildings, or Contaminate may cause inaccurate times.
  • Supply counts are checked every 10 seconds.